3L
PHILADELPHIA 1776 BC @ HOUSTON 1837 BBC
08/08/2027
 
TOP OF THE 1ST
Philadelphia 1776 BC batting - Pitching for Houston 1837 BBC : RHP Marvin Martin
Pitching: RHP Marvin Martin
Batting: RHB Jesús Orozco 0-0: Swinging Strike
0-1: Ball
1-1: Called Strike
1-2: Strikes out swinging
Batting: LHB Manoo Satyavrat 0-0: Foul Ball, location: 2F
0-1: Ball
1-1: Ball
2-1: Ball
3-1: Base on Balls
Batting: SHB Jesús Cabańe 0-0: Ball
Manoo Satyavrat is caught stealing 2nd base
1-0: Called Strike
1-1: Ball
2-1: DOUBLE (Line Drive, 89S)
Batting: RHB John Schnatter 0-0: Ball
1-0: Fly out, F8 (Flyball, 8RS)
Top of the 1st over - 0 run(s), 1 hit(s), 0 error(s), 1 left on base; Philadelphia 1776 0 - Houston 0
BOTTOM OF THE 1ST
Houston 1837 BBC batting - Pitching for Philadelphia 1776 BC : LHP Carlos Sánchez
Pitching: LHP Carlos Sánchez
Batting: LHB José Marín 0-0: Ground out 4-3 (Groundball, 4)
Batting: RHB Kumanosuke Abe 0-0: Ball
1-0: Ball
2-0: Called Strike
2-1: Swinging Strike
2-2: Strikes out swinging
Batting: RHB Bob Dickerson 0-0: Ball
1-0: Ball
2-0: Fly out, F7 (Flyball, 78S)
Bottom of the 1st over - 0 run(s), 0 hit(s), 0 error(s), 0 left on base; Philadelphia 1776 0 - Houston 0
TOP OF THE 2ND
Philadelphia 1776 BC batting - Pitching for Houston 1837 BBC : RHP Marvin Martin
Batting: LHB Cliff Aldridge 0-0: Called Strike
0-1: SINGLE (Line Drive, 6M)
Batting: RHB António Granados 0-0: Called Strike
0-1: Ball
1-1: Ball
2-1: Foul Ball, location: 2F
2-2: Grounds into double play, 5-4-3 (Groundball, 5L)
Batting: RHB Dave Morris 0-0: Foul Ball, location: 2F
0-1: Swinging Strike
0-2: Strikes out swinging
Top of the 2nd over - 0 run(s), 1 hit(s), 0 error(s), 0 left on base; Philadelphia 1776 0 - Houston 0
BOTTOM OF THE 2ND
Houston 1837 BBC batting - Pitching for Philadelphia 1776 BC : LHP Carlos Sánchez
Batting: RHB Casey Cavell 0-0: Foul Ball, location: 2F
0-1: Foul Ball, location: 2F
0-2: Ball
1-2: SINGLE (Line Drive, 78S)
Batting: SHB Jason Alexander 0-0: Swinging Strike
0-1: Swinging Strike
0-2: Strikes out swinging
Batting: LHB Alberto Torres 0-0: Called Strike
0-1: Foul Ball, location: 2F
0-2: Ball
1-2: Ball
2-2: Foul Ball, location: 2F
2-2: Foul Ball, location: 2F
2-2: Foul Ball, location: 2F
2-2: Strikes out swinging
Batting: RHB David Gómez 0-0: Ball
1-0: Fly out, F7 (Flyball, 78S)
Bottom of the 2nd over - 0 run(s), 1 hit(s), 0 error(s), 1 left on base; Philadelphia 1776 0 - Houston 0
TOP OF THE 3RD
Philadelphia 1776 BC batting - Pitching for Houston 1837 BBC : RHP Marvin Martin
Batting: RHB Fernando Rivera 0-0: Called Strike
0-1: Swinging Strike
0-2: Ball
1-2: Strikes out swinging
Batting: LHB Tony Vega 0-0: Called Strike
0-1: Fly out, F9 (Flyball, 9S)
Batting: RHB Jesús Orozco 0-0: Called Strike
0-1: Ball
1-1: Ball
2-1: Ground out 4-3 (Groundball, 4S)
Top of the 3rd over - 0 run(s), 0 hit(s), 0 error(s), 0 left on base; Philadelphia 1776 0 - Houston 0
BOTTOM OF THE 3RD
Houston 1837 BBC batting - Pitching for Philadelphia 1776 BC : LHP Carlos Sánchez
Batting: RHB Tracy Parker 0-0: Ball
1-0: Fly out, F8 (Flyball, 8LM)
Batting: RHB Rubén Marino 0-0: Called Strike
0-1: Swinging Strike
0-2: Foul Ball, location: 2F
0-2: Fly out, F8 (Flyball, 8LD)
Batting: LHB José Marín 0-0: Ball
1-0: Called Strike
1-1: Ball
2-1: Fly out, F9 (Line Drive, 9)
Bottom of the 3rd over - 0 run(s), 0 hit(s), 0 error(s), 0 left on base; Philadelphia 1776 0 - Houston 0
TOP OF THE 4TH
Philadelphia 1776 BC batting - Pitching for Houston 1837 BBC : RHP Marvin Martin
Batting: LHB Manoo Satyavrat 0-0: Called Strike
0-1: Called Strike
0-2: Foul Ball, location: 2F
0-2: Strikes out swinging
Batting: SHB Jesús Cabańe 0-0: Called Strike
0-1: Ball
1-1: Ball
2-1: Ball
3-1: Base on Balls
Batting: RHB John Schnatter 0-0: Ball
1-0: Grounds into double play, 1-4-3 (Groundball, 15S)
Top of the 4th over - 0 run(s), 0 hit(s), 0 error(s), 0 left on base; Philadelphia 1776 0 - Houston 0
BOTTOM OF THE 4TH
Houston 1837 BBC batting - Pitching for Philadelphia 1776 BC : LHP Carlos Sánchez
Batting: RHB Kumanosuke Abe 0-0: Called Strike
0-1: Called Strike
0-2: Ball
1-2: Strikes out swinging
Batting: RHB Bob Dickerson 0-0: Called Strike
0-1: Ground out U3 (Groundball, 34)
Batting: RHB Casey Cavell 0-0: Ball
1-0: Foul Ball, location: 2F
1-1: DOUBLE (Line Drive, 89XD)
Batting: SHB Jason Alexander 0-0: Ball
1-0: Foul Ball, location: 2F
1-1: Fly out, F7 (Line Drive, 7)
Bottom of the 4th over - 0 run(s), 1 hit(s), 0 error(s), 1 left on base; Philadelphia 1776 0 - Houston 0
TOP OF THE 5TH
Philadelphia 1776 BC batting - Pitching for Houston 1837 BBC : RHP Marvin Martin
Batting: LHB Cliff Aldridge 0-0: Called Strike
0-1: Foul Ball, location: 2F
0-2: Ball
1-2: Strikes out swinging
Batting: RHB António Granados 0-0: Reached on error, E1 (Groundball, P)
Batting: RHB Dave Morris 0-0: Called Strike
0-1: Called Strike
0-2: Ball
1-2: Strikes out looking
Batting: RHB Fernando Rivera 0-0: Ball
1-0: Called Strike
1-1: Ball
2-1: Swinging Strike
2-2: Strikes out swinging
Top of the 5th over - 0 run(s), 0 hit(s), 1 error(s), 1 left on base; Philadelphia 1776 0 - Houston 0
BOTTOM OF THE 5TH
Houston 1837 BBC batting - Pitching for Philadelphia 1776 BC : LHP Carlos Sánchez
Batting: LHB Alberto Torres 0-0: Ball
1-0: Called Strike
1-1: Ball
2-1: Foul Ball, location: 2F
2-2: Ground out 4-3 (Groundball, 4)
Batting: RHB David Gómez 0-0: Swinging Strike
0-1: SINGLE (Groundball, 34D)
Batting: RHB Tracy Parker 0-0: Ball
1-0: Ball
2-0: Ball
3-0: Called Strike
3-1: SINGLE (Groundball, 56D)
David Gómez to second
Batting: RHB Rubén Marino 0-0: Called Strike
0-1: Ball
1-1: Called Strike
1-2: Ball
2-2: Ball
3-2: DOUBLE (Groundball, 5L)
David Gómez scores
Tracy Parker to third
Batting: LHB José Marín 0-0: Ball
1-0: Ball
2-0: SINGLE (Groundball, 3D)
Tracy Parker scores
Rubén Marino to third
Runner from 3rd tries for Home, SAFE, throw made home
José Marín to second
Batting: RHB Kumanosuke Abe 0-0: Called Strike
0-1: Ball
1-1: Ball
2-1: Ball
3-1: Base on Balls
Batting: RHB Bob Dickerson 0-0: Ball
1-0: Grounds into double play, 6-4-3 (Groundball, 6)
Bottom of the 5th over - 3 run(s), 4 hit(s), 0 error(s), 1 left on base; Philadelphia 1776 0 - Houston 3
TOP OF THE 6TH
Philadelphia 1776 BC batting - Pitching for Houston 1837 BBC : RHP Marvin Martin
Batting: LHB Tony Vega 0-0: Fly out, F7 (Flyball, 78D)
Batting: RHB Jesús Orozco 0-0: Foul Ball, location: 2F
0-1: Ball
1-1: Ball
2-1: Foul Ball, location: 2F
2-2: Ground out 5-3 (Groundball, 25)
Batting: LHB Manoo Satyavrat 0-0: Called Strike
0-1: Ball
1-1: Swinging Strike
1-2: Strikes out looking
Top of the 6th over - 0 run(s), 0 hit(s), 0 error(s), 0 left on base; Philadelphia 1776 0 - Houston 3
BOTTOM OF THE 6TH
Houston 1837 BBC batting - Pitching for Philadelphia 1776 BC : LHP Carlos Sánchez
Batting: RHB Casey Cavell 0-0: Swinging Strike
0-1: SINGLE (Groundball, 6D)
Batting: SHB Jason Alexander 0-0: Called Strike
0-1: Called Strike
0-2: Strikes out looking
Batting: LHB Alberto Torres 0-0: Ball
1-0: Ball
2-0: Ground out 3-1 (Groundball, 34S)
Casey Cavell to second
Batting: RHB David Gómez 0-0: Called Strike
0-1: Ball
1-1: Ground out 5-3 (Groundball, 56)
Bottom of the 6th over - 0 run(s), 1 hit(s), 0 error(s), 1 left on base; Philadelphia 1776 0 - Houston 3
TOP OF THE 7TH
Philadelphia 1776 BC batting - Pitching for Houston 1837 BBC : RHP Marvin Martin
Batting: SHB Jesús Cabańe 0-0: Ball
1-0: Called Strike
1-1: Ball
2-1: Called Strike
2-2: Ball
3-2: SOLO HOME RUN (Flyball, 9D), Distance : 401 ft
Batting: RHB John Schnatter 0-0: Ball
1-0: Ball
2-0: Called Strike
2-1: Ball
3-1: Swinging Strike
3-2: Strikes out swinging
Batting: LHB Cliff Aldridge 0-0: Called Strike
0-1: Ball
1-1: Ball
2-1: Ground out 3-1 (Groundball, 34)
Batting: RHB António Granados 0-0: Ball
1-0: Called Strike
1-1: Ball
2-1: Ground out U3 (Groundball, 34)
Top of the 7th over - 1 run(s), 1 hit(s), 0 error(s), 0 left on base; Philadelphia 1776 1 - Houston 3
BOTTOM OF THE 7TH
Houston 1837 BBC batting - Pitching for Philadelphia 1776 BC : LHP Carlos Sánchez
Batting: RHB Tracy Parker 0-0: Ball
1-0: Called Strike
1-1: Ball
2-1: Foul Ball, location: 2F
2-2: Foul Ball, location: 2F
2-2: Ground out 5-3 (Groundball, 5L)
Batting: RHB Rubén Marino 0-0: Swinging Strike
0-1: SINGLE (Groundball, 56) (infield hit)
Batting: LHB José Marín 0-0: Ball
Rubén Marino is caught stealing 2nd base
1-0: Swinging Strike
1-1: Ball
2-1: Ball
3-1: Foul Ball, location: 2F
3-2: Strikes out looking
Bottom of the 7th over - 0 run(s), 1 hit(s), 0 error(s), 0 left on base; Philadelphia 1776 1 - Houston 3
TOP OF THE 8TH
Philadelphia 1776 BC batting - Pitching for Houston 1837 BBC : RHP Marvin Martin
Pitching: RHP Ash Wooden
Batting: RHB Dave Morris 0-0: Ball
1-0: Foul Ball, location: 2F
1-1: Ball
2-1: Foul Ball, location: 2F
2-2: Ground out 6-3 (Groundball, 6)
Batting: RHB Fernando Rivera 0-0: Foul Ball, location: 2F
0-1: Ball
1-1: Ball
2-1: Swinging Strike
2-2: Strikes out swinging
Batting: LHB Tony Vega 0-0: Ball
1-0: Ball
2-0: Ball
3-0: Called Strike
3-1: Fly out, F8 (Flyball, 8LS)
Top of the 8th over - 0 run(s), 0 hit(s), 0 error(s), 0 left on base; Philadelphia 1776 1 - Houston 3
BOTTOM OF THE 8TH
Houston 1837 BBC batting - Pitching for Philadelphia 1776 BC : LHP Carlos Sánchez
Pitching: RHP Bill Maddox
Batting: RHB Kumanosuke Abe 0-0: Ball
1-0: Ball
2-0: Ball
3-0: Base on Balls
Batting: RHB Bob Dickerson 0-0: SINGLE (Groundball, 6MD)
Kumanosuke Abe to second
Runner from 2nd tries for 3rd, OUT!
Bob Dickerson to second
Batting: RHB Casey Cavell 0-0: Ball
1-0: Called Strike
1-1: Called Strike
1-2: Ball
2-2: Foul Ball, location: 2F
2-2: Ground out 5-3 (Groundball, 56)
Batting: SHB Jason Alexander 0-0: Ball
1-0: Foul Ball, location: 2F
1-1: Foul Ball, location: 2F
1-2: Strikes out swinging
Bottom of the 8th over - 0 run(s), 1 hit(s), 0 error(s), 1 left on base; Philadelphia 1776 1 - Houston 3
TOP OF THE 9TH
Philadelphia 1776 BC batting - Pitching for Houston 1837 BBC : RHP Ash Wooden
Pitching: RHP Francisco García
Batting: RHB Jesús Orozco 0-0: Ball
1-0: Foul Ball, location: 2F
1-1: Swinging Strike
1-2: Ball
2-2: Ground out 5-3 (Groundball, 56S)
Batting: LHB Manoo Satyavrat 0-0: Ball
1-0: Called Strike
1-1: Ground out 1-3 (Groundball, 13)
Batting: SHB Jesús Cabańe 0-0: Ground out U3 (Groundball, 34)
Top of the 9th over - 0 run(s), 0 hit(s), 0 error(s), 0 left on base; Philadelphia 1776 1 - Houston 3
Saturday, May 26th, 2018 - OOTP Baseball 17.12 Build 75